Map: Ruins of Seras

Players

Yongky - Winner!

  • Race: Protoss Protoss
  • League: Platinum

Nero

  • Race: Protoss Protoss

VOD

Have the link to the VOD?

Description

Time

  • Played on: Jan. 4, 2016, 5:13 a.m.
  • Length: 15:21
Show
View Real Time Build Order
Export as new Build Order

Yongky Protoss - Winner!

Build Orders: Oracle Opening 

Get SALT Encoding   

  12  0:01  Probe (Chrono Boost)  
  13  0:11  Probe (Chrono Boost)  
  14  0:20  Pylon  
  14  0:23  Probe (Chrono Boost)  
  15  0:38  Probe (Chrono Boost)  
  15  0:39  Gateway  
  16  0:47  Assimilator  
  16  0:48  Probe (Chrono Boost)  
  17  0:59  Assimilator, Probe (Chrono Boost)  
  18  1:10  Probe (Chrono Boost)  
  19  1:19  Pylon  
  19  1:20  Probe (Chrono Boost)  
  20  1:29  Cybernetics Core  
  20  1:32  Probe (Chrono Boost)  
  21  1:42  Probe (Chrono Boost)  
  22  1:54  Probe (Chrono Boost)  
  23  1:55  Pylon  
  23  2:05  Warp Gate (Chrono Boost)  
  23  2:07  Mothership Core (Chrono Boost)  
  25  2:11  Stalker  
  27  2:26  Stargate  
  27  2:41  Forge  
  27  2:47  Pylon  
  27  2:59  Probe  
  27  3:03  Nexus  
  28  3:11  Probe  
  29  3:24  Oracle, Photon Cannon  
  32  3:54  Gateway  
  32  3:57  Stalker  
  32  3:59  Oracle  
  37  4:08  Probe  
  38  4:21  Probe (Chrono Boost)  
  38  4:22  Probe (Chrono Boost)  
  40  4:32  Probe (Chrono Boost)  
  40  4:33  Probe (Chrono Boost)  
  40  4:36  Robotics Facility  
  42  4:38  Gateway  
  42  4:43  Probe (Chrono Boost)  
  43  4:49  Probe (Chrono Boost)  
  44  4:54  Probe (Chrono Boost)  
  44  4:55  Assimilator  
  44  4:59  Assimilator  
  45  5:00  Probe (Chrono Boost)  
  45  5:04  Probe (Chrono Boost)  
  47  5:10  Probe (Chrono Boost)  
  48  5:38  Probe x2 (Chrono Boost)  
  48  5:40  Stalker  
  52  5:43  Phoenix  
  52  5:48  Probe x2 (Chrono Boost)  
  56  5:59  Stalker, Probe x2 (Chrono Boost)  
  60  6:08  Phoenix  
  60  6:09  Photon Cannon  
  62  6:11  Pylon  
  62  6:14  Gateway  
  62  6:15  Protoss Ground Weapons Level 1 (Chrono Boost)  
  62  6:29  Observer, Probe x2 (Chrono Boost)  
  65  6:34  Pylon  
  65  6:36  Pylon  
  65  6:39  Forge  
  58  6:51  Observer  
  58  6:52  Probe  
  60  6:54  Probe  
  61  7:03  Probe  
  61  7:06  Probe  
  63  7:10  Stalker x3  
  69  7:18  Robotics Bay  
  69  7:20  Probe  
  69  7:21  Twilight Council, Probe  
  71  7:24  Observer  
  72  7:45  Protoss Ground Armor Level 1 (Chrono Boost)  
  72  7:46  Stalker x3  
  72  7:47  Stalker  
  77  8:17  Stalker x2  
  77  8:18  Stalker x2  
  85  8:27  Photon Cannon  
  61  8:49  Zealot  
  61  8:50  Zealot x3  
  65  9:02  Mothership Core  
  61  9:09  Colossus  
  63  9:11  Extended Thermal Lance  
  69  9:20  Photon Cannon  
  69  9:21  Photon Cannon  
  69  9:22  Zealot  
  69  9:23  Zealot x3  
  77  9:46  Protoss Ground Armor Level 2 (Chrono Boost)  
  77  9:47  Charge  
  77  9:51  Protoss Ground Weapons Level 2 (Chrono Boost)  
  77  10:02  Pylon  
  77  10:05  Pylon  
  77  10:07  Nexus  
  77  10:09  Pylon  
  77  10:14  Pylon  
  77  10:15  Gateway  
  77  10:20  Colossus (Chrono Boost)  
  83  10:23  Stalker  
  83  10:24  Stalker x3  
  76  11:01  Zealot x3  
  68  11:25  Nexus  
  68  11:27  Blink (Chrono Boost)  
  68  11:31  Pylon  
  68  11:36  Pylon  
  68  11:38  Pylon  
  68  11:40  Pylon  
  68  11:42  Pylon  
  68  11:46  Colossus (Chrono Boost)  
  68  11:50  Nexus  
  68  11:52  Dark Shrine  
  68  11:53  Pylon  
  74  12:00  Zealot  
  74  12:01  Zealot x3  
  82  12:23  Probe x2  
  82  12:27  Zealot x2  
  82  12:28  Zealot x3  
  94  12:32  Protoss Ground Weapons Level 3  
  94  12:34  Protoss Ground Armor Level 3  
  94  12:35  Probe x2  
  96  12:39  Probe  
  97  12:47  Probe x2  
  97  12:49  Probe  
  100  12:57  Assimilator  
  100  12:59  Assimilator, Probe x2  
  100  13:00  Probe  
  103  13:11  Probe x2  
  105  13:23  Assimilator  
  105  13:27  Stalker x4, Assimilator  
  105  13:28  Stalker  
  112  13:46  Probe x2  
  112  13:47  Probe x2  
  116  13:55  Colossus  
  116  13:59  Photon Cannon  
  116  14:00  Photon Cannon  
  116  14:06  Dark Templar x2  
  116  14:08  Dark Templar  
  128  14:30  Dark Templar x2  
  132  14:46  Stalker x2  
  132  14:47  Stalker  
  115  15:10  Stalker x4  
  115  15:11  Stalker  
Show
View Real Time Build Order
Export as new Build Order

Nero Protoss 

Build Orders: Double Forge 

Get SALT Encoding   

  12  0:01  Probe (Chrono Boost)  
  13  0:12  Probe (Chrono Boost)  
  14  0:20  Pylon  
  14  0:24  Probe (Chrono Boost)  
  15  0:39  Probe (Chrono Boost)  
  16  0:49  Probe (Chrono Boost)  
  17  1:00  Probe (Chrono Boost)  
  18  1:07  Nexus  
  19  1:11  Probe (Chrono Boost)  
  19  1:25  Pylon  
  19  1:30  Probe (Chrono Boost)  
  19  1:32  Assimilator  
  20  1:40  Probe (Chrono Boost)  
  20  1:45  Gateway  
  21  1:51  Probe (Chrono Boost)  
  22  2:02  Probe (Chrono Boost)  
  23  2:12  Probe (Chrono Boost)  
  23  2:14  Assimilator  
  24  2:20  Probe (Chrono Boost)  
  25  2:23  Probe (Chrono Boost)  
  26  2:31  Probe (Chrono Boost)  
  26  2:33  Probe (Chrono Boost)  
  28  2:38  Cybernetics Core  
  28  2:43  Pylon, Zealot  
  32  2:44  Probe (Chrono Boost)  
  32  2:47  Probe (Chrono Boost)  
  31  2:57  Probe x2 (Chrono Boost)  
  33  3:04  Gateway  
  33  3:08  Forge, Probe (Chrono Boost)  
  33  3:10  Zealot  
  37  3:13  Probe (Chrono Boost)  
  37  3:18  Probe (Chrono Boost)  
  38  3:23  Probe (Chrono Boost)  
  39  3:29  Probe (Chrono Boost)  
  39  3:34  Probe (Chrono Boost)  
  41  3:36  Stargate  
  41  3:40  Zealot  
  43  3:43  Pylon  
  43  3:47  Photon Cannon  
  43  3:48  Warp Gate (Chrono Boost)  
  43  3:53  Probe x2 (Chrono Boost)  
  43  3:54  Assimilator  
  45  3:59  Assimilator  
  45  4:01  Zealot  
  45  4:02  Probe  
  47  4:03  Protoss Ground Weapons Level 1  
  48  4:10  Sentry  
  48  4:13  Gateway  
  48  4:14  Gateway  
  48  4:16  Probe  
  50  4:18  Probe  
  52  4:27  Probe  
  53  4:32  Forge  
  53  4:34  Oracle (Chrono Boost)  
  53  4:36  Pylon  
  56  4:41  Sentry  
  58  4:55  Robotics Facility  
  58  5:01  Robotics Facility  
  58  5:06  Mothership Core  
  60  5:15  Sentry  
  60  5:16  Zealot  
  60  5:17  Zealot x2  
  61  5:34  Probe x2  
  63  5:41  Pylon  
  57  5:46  Probe  
  64  5:57  Immortal x2  
  65  6:04  Pylon, Probe x2  
  66  6:20  Photon Cannon  
  66  6:24  Photon Cannon  
  66  6:30  Probe x2  
  65  7:04  Immortal  
  65  7:05  Immortal  
  65  7:08  Stalker  
  75  7:11  Zealot x3  
  81  7:45  Photon Cannon  
  81  7:51  Immortal  
  85  7:57  Pylon  
  85  7:58  Pylon  
  85  8:03  Immortal  
  85  8:08  Probe x2  
  86  8:20  Probe x2  
  88  8:32  Probe  
  57  9:09  Immortal x2  
  63  9:10  Stalker x3  
  63  9:11  Stalker  
  71  9:18  Gateway  
  71  9:19  Gateway  
  71  9:27  Probe  
  71  9:28  Probe  
  73  9:31  Nexus  
  73  9:43  Stalker x2, Assimilator  
  77  9:46  Assimilator  
  77  9:58  Adept x2  
  81  10:10  Probe x2  
  83  10:14  Pylon  
  83  10:22  Probe x2  
  49  11:17  Probe x2  
  49  11:18  Probe  
  47  11:25  Stalker x4  
  52  11:29  Warp Prism, Probe  
  52  11:30  Immortal, Probe  
  60  11:37  Protoss Shields Level 1, Protoss Ground Armor Level 1  
  60  11:43  Twilight Council  
  60  11:46  Probe (Chrono Boost)  
  60  11:47  Probe (Chrono Boost)  
  62  11:48  Probe (Chrono Boost)  
  63  11:58  Probe (Chrono Boost)  
  64  12:05  Photon Cannon  
  64  12:07  Photon Cannon  
  64  12:09  Probe (Chrono Boost)  
  64  12:10  Probe (Chrono Boost)  
  64  12:11  Probe (Chrono Boost)  
  67  12:20  Probe (Chrono Boost)  
  67  12:21  Zealot x2  
  67  12:22  Zealot x4  
  80  12:24  Immortal x2  
  88  12:52  Sentry x3  
  88  12:53  Sentry x3  
  100  13:06  Immortal x2  
  108  13:14  Probe (Chrono Boost)  
  109  13:24  Probe (Chrono Boost), Zealot x2  
  109  13:25  Zealot x3  
  109  13:26  Zealot  
  118  13:44  Probe (Chrono Boost)  
  118  13:48  Stalker x5  
  115  13:49  Stalker  
  123  13:56  Pylon  
  123  13:58  Pylon  
  123  14:14  Immortal x2, Phoenix  
  131  14:21  Phoenix  
  131  14:22  Stalker x5  
  131  14:24  Phoenix x2  
  141  14:25  Phoenix x2  
  141  14:31  Pylon x2  
Tags
 
Add a new tag
Caveats
  • Supply blocks, unpowered buildings, or Contaminate may cause inaccurate times.
  • Supply counts are checked every 10 seconds.